 Dungeon Crawl Stone Soup version 0.27-a0-95-g5a9077b8ae (webtiles) character file.

Game seed: 18353150047636521020

354 timneilson the Shield-Bearer (level 6, -1/38 HPs)
             Began as a Gargoyle Fighter on Jan 18, 2021.
             Slain by an ogre
             ... wielding a +0 giant spiked club
              (27 damage)
             ... on level 4 of the Dungeon.
             The game lasted 00:06:27 (3821 turns).

timneilson the Shield-Bearer (Gargoyle Fighter)     Turns: 3821, Time: 00:06:27

Health: -1/38      AC: 15    Str: 22    XL:     6   Next: 62%
Magic:  6/6        EV:  7    Int:  8    God:
Gold:   139        SH: 10    Dex:  9    Spells: 5/5 levels left

rFire    + . .     SeeInvis .   a - +0 long sword
rCold    . . .     Faith    .   c - +0 kite shield
rNeg     + + .     Spirit   .   b - +0 scale mail
rPois    ∞         Reflect  .   (no helmet)
rElec    +         Harm     .   m - +1 cloak
rCorr    .         Rampage  .   f - +0 pair of gloves
Will     .....                  (no boots)
Stlth    ..........             (no amulet)
HPRegen  0.12/turn              k - ring of protection from fire
MPRegen  0.10/turn              q - ring of positive energy

@: mighty
A: negative energy resistance 1, electricity resistance, unbreathing,
petrification resistance, miasma immunity, AC +4
a: no special abilities


You were on level 4 of the Dungeon.
You visited 2 branches of the dungeon, and saw 5 of its levels.

You collected 139 gold pieces.

Inventory:

Hand Weapons
 a - a +0 long sword (weapon)
Armour
 b - a +0 scale mail (worn)
 c - a +0 kite shield (worn)
 e - a +0 chain mail
 f - a +0 pair of gloves (worn)
 j - a +0 tower shield
 m - a +1 cloak (worn)
Jewellery
 k - a ring of protection from fire (left hand)
 q - a ring of positive energy (right hand)
 t - an uncursed amulet of faith {unknown}
 u - a cursed ring of attention {unknown}
Scrolls
 g - 2 scrolls of amnesia
 h - 3 scrolls of remove curse
 i - a scroll of teleportation
 l - a scroll of blinking
 s - a scroll of magic mapping
 y - 2 scrolls of identify
 A - a scroll of immolation {unknown}
Potions
 n - a potion of lignification {unknown}
 o - a potion of degeneration {unknown}
 p - 3 potions of flight {unknown}
 r - a potion of magic {unknown}
 v - a potion of berserk rage {unknown}
 w - a potion of mutation {unknown}
 x - a potion of curing {unknown}
 z - a potion of cancellation {unknown}


   Skills:
 + Level 4.2 Fighting
 * Level 3.6 Long Blades
 * Level 4.9 Armour
 * Level 5.0 Shields


You had 5 spell levels left.
You didn't know any spells.
Your spell library was empty.

Dungeon Overview and Level Annotations

Branches:
Dungeon (4/15)             Temple (1/1) D:4

Altars:
Ashenzari
Cheibriados
Elyvilon
Fedhas
Gozag
Kikubaaqudgha
Nemelex Xobeh
Qazlal
Trog
Uskayaw
Vehumet
Wu Jian
Xom
Yredelemnul
Zin
The Shining One


Innate Abilities, Weirdness & Mutations

You are resistant to torment.
Your stone body is resilient. (AC +4)
You are immune to poison.
You resist negative energy. (rN+)
You are resistant to electric shocks. (rElec)
You can survive without breathing.
You are immune to petrification.
You are immune to miasma.


Message History

You block the gnoll's attack.
You slash the gnoll!
You kill the gnoll!
Found a stone staircase leading down.
There is an open door here.
You see here a +0 flail.
Things that are here:
a cursed -2 halberd; a gnoll corpse
Things that are here:
a cursed -2 club; a gnoll corpse An ogre comes into view.
It is wielding a +0 giant spiked club.
The ogre shouts!
Things that are here:
a cursed -2 club; a gnoll corpse You feel very mighty all of a sudden.
You slash the ogre!
The ogre is moderately wounded.
The ogre hits you with a +0 giant spiked club!!
Ouch! That really hurt!
You die...

....# ######
###)########....#
#)##..........#
###..#......)...#
#....#..........#
..#.............#
#.##.........####
#.##..###+##.#######
.###..## #...O@).#
#≈###..# #######.#
≈≈≈#...# #.#
≈≈≈....## #.#
≈##≈#...# #)#
≈≈#≈≈.#.##
#........#
≈≈≈≈≈.....
............>#
≈≈≈≈..#.#
..#........###
≈≈†≈≈...# #........#


You could see an ogre.

Vanquished Creatures
  A centaur zombie (D:4)
  An orc priest (D:4)
  A worker ant (D:4)
  9 gnolls
  7 adders
  2 oozes
  10 dart slugs
  4 worms (D:2)
  3 leopard geckos
  7 orcs
  4 bats
  3 giant cockroaches
  5 goblins
  6 hobgoblins
  4 kobolds
  8 frilled lizards
  A leopard gecko zombie (D:3)
  6 rats
82 creatures vanquished.

Notes
Turn   | Place    | Note
-------+----------+-------------------------------------------
     0 | D:1      | timneilson the Gargoyle Fighter began the quest for the
                  | Orb.
     0 | D:1      | Reached XP level 1. HP: 14/14 MP: 1/1
     6 | D:1      | Noticed a swamp worm
     6 | D:1      | Noticed a salamander
     6 | D:1      | Noticed a hound
     6 | D:1      | Noticed an iguana
   208 | D:1      | Reached XP level 2. HP: 15/19 MP: 2/2
   859 | D:2      | Reached XP level 3. HP: 22/23 MP: 3/3
  1221 | D:2      | Reached skill level 4 in Shields
  1221 | D:2      | Reached XP level 4. HP: 26/28 MP: 4/4
  1418 | D:2      | Found an opulent altar of Gozag.
  1419 | D:2      | Found a sparkling altar of Nemelex Xobeh.
  1889 | D:3      | Reached XP level 5. HP: 33/33 MP: 5/5
  3150 | D:4      | Reached XP level 6. HP: 31/38 MP: 6/6
  3298 | D:4      | Found a staircase to the Ecumenical Temple.
  3325 | Temple   | Entered the Ecumenical Temple
  3629 | D:4      | Reached skill level 5 in Shields
  3821 | D:4      | Slain by an ogre

Illustrated notes

Levels and vault maps discovered:
D:1:      onia_arrival_zoo_common, layout_basic
D:2:      layout_basic, grunt_temple_overflow_opulence
D:3:      layout_basic, serial_corexii_hall, chequers_hall_statues_y,
          corexii_hall_statues_l, corexii_hall_statues_s,
          corexii_hall_statues_i, corexii_hall_statues_u,
          chequers_hall_statues_y, wander_ebering_terrifying_dragon_lair
D:4:      kennysheep_slugbush, layout_basic,
          riverfiend_overflow_shadow_ancestor, minmay_temple_entry_proselytizer,
          minmay_misc_feat_pillars, uniq_pikel
Temple:   jpeg_temple_clearing

Skill      XL: |  1  2  3  4  5  6 |
---------------+-------------------+-----
Long Blades    | 2 3 |  3.6
Shields        | 4 5 |  5.0
Armour         | 4 |  4.9
Fighting       | 4 |  4.2

Action                   |  1- 3 |  4- 6 || total
-------------------------+-------+-------++-------
Melee: Long sword        |   114 |   239 ||   353
  Use: Scroll            |     1 |     6 ||     7
       Potion            |       |     2 ||     2
Armor: Scale mail        |    57 |   101 ||   158
Dodge: Dodged            |    34 |    71 ||   105
Block: Kite shield       |    63 |   111 ||   174
       Rpst.: Long sword |    11 |    19 ||    30

Table legend: (Time is in decaauts)
 A = Elapsed time spent in this place.
 B = Non-inter-level travel time spent in this place.
 C = Inter-level travel time spent in this place.
 D = Time resting spent in this place.
 E = Time spent auto-exploring this place.
 F = Levels seen in this place.
 G = Mean time per level.
                   A        B        C        D        E       F      G
               +--------+--------+--------+--------+--------+-----+--------+
         Total |   3933 |   3811 |    122 |      0 |   2887 |   5 |  786.6 |
       Dungeon |   3837 |   3733 |    104 |      0 |   2810 |   4 |  959.2 |
        Temple |     96 |     78 |     18 |      0 |     77 |   1 |   96.0 |
               +--------+--------+--------+--------+--------+-----+--------+

Top non-repeatable levels by time:
     D:3: 1472 daAuts
     D:4: 827 daAuts
     D:2: 794 daAuts
     D:1: 743 daAuts
  Temple: 96 daAuts
